 Dungeon Sprint DCSS version 0.23-a0-143-g1adec7b (webtiles) character file.

5781 Faca the Warrior (level 10, -5/110 HPs)
             Began as a Minotaur Fighter on Aug 31, 2018.
             Was the Champion of the Shining One.
             Slain by a greater mummy
             ... wielding a +3 spear of freezing
              (23 damage)
             ... in the Dungeon (Sprint V: "Ziggurat Sprint").
             The game lasted 00:06:21 (1122 turns).

Faca the Warrior (Minotaur Fighter)                 Turns: 1122, Time: 00:06:22

Health: -5/110     AC: 21    Str: 27    XL:     10   Next: 50%
Magic:  10/15      EV:  7    Int:  5    God:    the Shining One [******]
Gold:   0          SH: 16    Dex: 17    Spells: 9/9 levels left

rFire    + + .     SeeInvis .   p - +5 broad axe (chop)
rCold    . . .     Gourm    .   o - +3 shield
rNeg     + + +     Faith    .   m - +5 plate armour
rPois    .         Spirit   .   (helmet restricted)
rElec    .         Reflect  .   x - +0 cloak
rCorr    +         Harm     .   (no gloves)
MR       +++..     NoTele   +   F - +2 pair of boots {Stlth+}
Stlth    ..........             (no amulet)
HPRegen  0.28/turn              a - ring "Pitus" {rCorr rF+ rN+ Str+4}
MPRegen  0.14/turn              J - ring "Ubloj" {*Corrode rF+ MR+++ Dex+6}

@: lethally poisoned (-5 -> -20), corroded, slowed, glowing, very slow
A: retaliatory headbutt, horns 2
a: Divine Shield, Cleansing Flame, Summon Divine Warrior, Brand Weapon With Holy
Wrath, Renounce Religion


You were in the Dungeon.
You worshipped the Shining One.
The Shining One was exalted by your worship.
You were hungry.

You visited 1 branch

Inventory:

Hand Weapons
 c - a +4 whip of venom
 p - a +5 broad axe of chopping (weapon)
Armour
 l - +5 gold dragon scales
 m - a +5 plate armour (worn)
 n - a +3 large shield
 o - a +3 shield (worn)
 x - a +0 cloak (worn)
 F - a +2 pair of boots of stealth (worn)
Jewellery
 a - the ring "Pitus" (left hand) {rCorr rF+ rN+ Str+4}
   (You acquired it in the Dungeon)

   [ring of resist corrosion]

   It affects your strength (+4).
   It protects you from fire.
   It protects you from negative energy.
 b - the ring of Loxt {Fire MR+ Str-5 Int+4 Dex+4}
   (You found it in the Dungeon)

   [ring of fire]

   It enhances your fire magic.
   It affects your strength (-5).
   It affects your intelligence (+4).
   It affects your dexterity (+4).
   It protects you from fire.
   It makes you vulnerable to cold.
   It affects your resistance to hostile enchantments.
 H - a +6 ring of intelligence
 J - the ring "Ubloj" (right hand) {*Corrode rF+ MR+++ Dex+6}
   (You found it in the Dungeon)

   [ring of protection from fire]

   It affects your dexterity (+6).
   It protects you from fire.
   It affects your resistance to hostile enchantments.
   It may corrode you when you take damage.
Wands
 y - a wand of disintegration (7)
 C - a wand of iceblast (7)
 D - a wand of acid (7)
Scrolls
 k - 4 scrolls of blinking
 r - 5 scrolls of fog
 s - a scroll of holy word
 t - 2 scrolls of identify
 u - 5 scrolls of remove curse
 v - 2 scrolls of fear
 A - a scroll of brand weapon
Potions
 d - 6 potions of might
 e - 11 potions of curing
 g - 7 potions of heal wounds
 h - 6 potions of haste
 i - 7 potions of magic
 j - 3 potions of berserk rage
 q - a potion of cancellation
 w - 2 potions of brilliance
 z - 4 potions of resistance
 B - 5 potions of agility
Comestibles
 f - 7 rations


   Skills:
 + Level 16.9 Fighting
 - Level 16.0 Axes
 + Level 11.0 Armour
 + Level 11.0 Shields
 + Level 8.8 Invocations


You had 9 spell levels left.
You didn't know any spells.
Your spell library was empty.

Dungeon Overview and Level Annotations

Branches:
Dungeon (1/1)

Altars:
Ashenzari
Cheibriados
Dithmenos
Elyvilon
Fedhas
Gozag
Hepliaklqana
Kikubaaqudgha
Makhleb
Nemelex Xobeh
Okawaru
Qazlal
Ru
Sif Muna
Trog
Uskayaw
Vehumet
Wu Jian
Xom
Yredelemnul
Zin
The Shining One
Beogh
Jiyva
Lugonu


Innate Abilities, Weirdness & Mutations

You reflexively headbutt those who attack you in melee.
You have a pair of horns on your head.


Message History

You block the emperor scorpion's attack.
The emperor scorpion claws you but does no damage.
You block the emperor scorpion's attack.
The emperor scorpion barely misses you.
The emperor scorpion closely misses you.
You block the emperor scorpion's attack.
The emperor scorpion claws you but does no damage.
The emperor scorpion barely misses you.
The greater mummy gestures at you while chanting.
Something smites you! The Shining One protects you from harm!
Found three items. 2 mummies and an ushabti come into view.
Unknown command.
You feel much better.
You feel sick. The death scarab bites you!
* * * LOW HITPOINT WARNING * * *
The death scarab drains your vigour!
You feel yourself slow down.
The orange demon stings you but does no damage.
The greater mummy hits you with a +3 spear of freezing!!
You die...

▓...8©8...▓ ▓..M[)
...▓..=|[=|..▓
▓..[8MM...▓...:)))..▓
▓.........▓.........▓
▓.........▓.........▓
▓.........▓.........▓
▓..§..M§.z▓.........▓
▓..§zsMs..▓.▓.....▓.▓
▓.▓§§s@M▓.▓....©....▓
▓..§§s§W4.▓▓▓▓▓▓▓▓▓▓▓
▓▓▓▓▓▓▓▓▓▓▓


You could see 2 greater mummies, 3 emperor scorpions, a mummy priest, an orange
demon, an ushabti, a death scarab, a shadow, a flying skull, 2 mummies and a
wight.

Vanquished Creatures
  3 toenail golems (D)
  A cyclops (D)
  A naga mage (D)
  A spiny frog (D)
  2 yaktaurs (D)
  A guardian mummy (D)
  2 merfolk (D)
  3 hippogriffs (D)
  Sigmund (D)
  A flying skull (D)
  A basilisk (D)
  2 nagas (D)
  2 water moccasins (D)
  2 wolves (D)
  2 centaurs (D)
  Blork the orc (D)
  A bullfrog (D)
  6 earth elementals (D)
  7 scorpions (D)
  Crazy Yiuf (D)
  Jessica (D)
  A mummy (D)
  4 adders (D)
  An adder skeleton (D)
  A bat zombie (D)
  A jackal (D)
  3 ball pythons (D)
  2 giant cockroach zombies (D)
  A jackal skeleton (D)
  A leopard gecko zombie (D)
57 creatures vanquished.

Notes
Turn   | Place    | Note
-------+----------+-------------------------------------------
     0 | D        | Found the +6 Majin-Bo {vamp, Archmagi MP+6 Int+6}
     0 | D        | Found the +7 great mace "Firestarter" {inner flame, rF++}
     0 | D        | Faca the Minotaur Fighter began the quest for the Orb.
     0 | D        | Reached XP level 1. HP: 19/19 MP: 0/0
     3 | D        | Found a blossoming altar of Fedhas.
     5 | D        | Found a viscous altar of Jiyva.
     5 | D        | Found a hazy altar of Hepliaklqana.
     5 | D        | Found a transporter.
     5 | D        | Found an opulent altar of Gozag.
     5 | D        | Found an ancient bone altar of Kikubaaqudgha.
     5 | D        | Found a corrupted altar of Lugonu.
     9 | D        | Found a burning altar of Makhleb.
    10 | D        | Found a sacrificial altar of Ru.
    10 | D        | Found a stormy altar of Qazlal.
    10 | D        | Found a deep blue altar of Sif Muna.
    10 | D        | Found an iron altar of Okawaru.
    10 | D        | Found a bloodstained altar of Trog.
    10 | D        | Found a sparkling altar of Nemelex Xobeh.
    33 | D        | Became a worshipper of the Shining One
    83 | D        | Reached XP level 2. HP: 26/26 MP: 1/1
    88 | D        | Entered arena 2.
    88 | D        | Noticed a scorpion
    88 | D        | Noticed a scorpion
    88 | D        | Found a transporter.
    90 | D        | Killed a scorpion
    90 | D        | Reached skill level 5 in Fighting
    90 | D        | Reached skill level 10 in Axes
    90 | D        | Reached XP level 3. HP: 36/36 MP: 2/2
    97 | D        | Killed a scorpion
    97 | D        | Reached XP level 4. HP: 34/47 MP: 3/3
   241 | D        | Entered arena 3.
   241 | D        | Noticed a yaktaur
   241 | D        | Noticed a yaktaur
   241 | D        | Reached * piety under the Shining One
   241 | D        | Noticed a centaur
   241 | D        | Found a transporter.
   248 | D        | Killed a centaur
   248 | D        | Reached XP level 5. HP: 16/56 MP: 4/4
   252 | D        | Killed a yaktaur
   252 | D        | Reached XP level 6. HP: 40/68 MP: 5/5
   255 | D        | Killed a yaktaur
   255 | D        | Reached XP level 7. HP: 45/78 MP: 6/6
   264 | D        | Got the ring of Loxt {Fire MR+ Str-5 Int+4 Dex+4}
   400 | D        | Entered arena 4.
   400 | D        | Noticed Sigmund
   400 | D        | Noticed Jessica
   400 | D        | Noticed Blork the orc
   400 | D        | Reached ** piety under the Shining One
   400 | D        | Noticed Crazy Yiuf
   400 | D        | Found a transporter.
   403 | D        | Killed Crazy Yiuf
   405 | D        | Killed Jessica
   408 | D        | Killed Blork the orc
   409 | D        | Killed Sigmund
   409 | D        | Reached skill level 15 in Axes
   435 | D        | Entered arena 5.
   435 | D        | Found a transporter.
   440 | D        | Reached XP level 8. HP: 88/88 MP: 7/7
   453 | D        | Entered arena 6.
   453 | D        | Reached *** piety under the Shining One
   453 | D        | Found a transporter.
   466 | D        | Entered arena 7.
   466 | D        | Reached **** piety under the Shining One
   466 | D        | Reached ***** piety under the Shining One
   467 | D        | Found a transporter.
   472 | D        | Reached ****** piety under the Shining One
   503 | D        | Entered arena 8.
   503 | D        | Noticed a spiny frog
   504 | D        | Found a transporter.
   505 | D        | Reached skill level 1 in Invocations
   510 | D        | Reached skill level 5 in Armour
   510 | D        | Reached skill level 5 in Shields
   513 | D        | Killed a spiny frog
   523 | D        | Got the ring "Ubloj" {*Corrode rF+ MR+++ Dex+6}
   530 | D        | Entered arena 9.
   530 | D        | Noticed a hippogriff
   530 | D        | Noticed a merfolk
   530 | D        | Noticed a hippogriff
   530 | D        | Noticed a cyclops
   530 | D        | Noticed a hippogriff
   530 | D        | Noticed a merfolk
   537 | D        | Killed a hippogriff
   537 | D        | Reached skill level 15 in Fighting
   537 | D        | Reached XP level 9. HP: 71/97 MP: 9/11
   538 | D        | Found a transporter.
   540 | D        | Reached skill level 5 in Invocations
   543 | D        | Killed a cyclops
   557 | D        | Killed a merfolk
   558 | D        | Killed a merfolk
   829 | D        | Got the cursed ring of Weogukis {-Tele rC+ MP+9 Str+3
                  | Int-2}
   835 | D        | Entered arena 10.
   835 | D        | Noticed a naga mage
   843 | D        | Found a transporter.
   847 | D        | Killed a naga mage
   850 | D        | Reached XP level 10. HP: 80/107 MP: 14/14
  1055 | D        | Entered arena 11.
  1055 | D        | Noticed a toenail golem
  1055 | D        | Noticed a toenail golem
  1055 | D        | Noticed a toenail golem
  1062 | D        | Killed a toenail golem
  1062 | D        | Reached skill level 10 in Armour
  1062 | D        | Reached skill level 10 in Shields
  1064 | D        | Killed a toenail golem
  1064 | D        | Killed a toenail golem
  1082 | D        | Found a transporter.
  1099 | D        | Got a wavering brass ring
  1100 | D        | Identified the ring "Pitus" {rCorr rF+ rN+ Str+4} (You
                  | acquired it in the Dungeon)
  1104 | D        | Entered arena 12.
  1104 | D        | Noticed a mummy priest
  1104 | D        | Noticed a greater mummy
  1111 | D        | Noticed a greater mummy
  1115 | D        | Noticed an orange demon
  1116 | D        | Noticed an emperor scorpion
  1116 | D        | Noticed an emperor scorpion
  1117 | D        | Noticed an emperor scorpion
  1118 | D        | Noticed an orange demon
  1119 | D        | Noticed a death scarab
  1119 | D        | Noticed a death scarab
  1120 | D        | Noticed a death scarab
  1121 | D        | HP: 3/110 [greater mummy/+3 spear of freezing (6)]
  1121 | D        | The Shining One protects you from harm!
  1122 | D        | Slain by a greater mummy

Vault maps used:
D:        sprint_v

Skill      XL: |  1  2  3  4  5  6  7  8  9 10 |
---------------+-------------------------------+-----
Axes           | 9 10 11 13 14 15 16 | 16.0
Fighting       | 5 7 8 11 12 13 15 16 | 16.9
Armour         | 6 9 11 | 11.0
Shields        | 6 9 11 | 11.0
Invocations    | 4 7 8 |  8.8

Action                   |  1- 3 |  4- 6 |  7- 9 | 10-12 || total
-------------------------+-------+-------+-------+-------++-------
Melee: Broad axe         |     8 |     8 |    57 |    32 ||   105
       Headbutt          |     1 |     2 |    10 |    14 ||    27
Invok: Cleansing Flame   |       |       |       |     1 ||     1
  Use: Potion            |     1 |     1 |     2 |     4 ||     8
       Scroll            |       |     1 |     3 |     3 ||     7
Armor: Plate armour      |     1 |     6 |    34 |    18 ||    59
Dodge: Dodged            |       |       |    11 |    10 ||    21
Block: Shield            |     4 |    10 |    49 |    30 ||    93

Table legend:
 A = Non-vault XP
 B = Vault XP
 C = Vault XP percentage of total XP
 D = Non-vault monster count
 E = Vault monster count
 F = Vault count percentage of total count
                 A         B        C        D         E       F
            +---------+---------+-------+---------+---------+-------
      Total |       0 |    8247 | 100.0 |       0 |      57 | 100.0
            +---------+---------+-------+---------+---------+-------
          D |       0 |    8247 | 100.0 |       0 |      57 | 100.0
            +---------+---------+-------+---------+---------+-------
